 Dungeon Crawl Stone Soup version 0.27-a0-789-g6bb3289e1e (webtiles) character file.

Game seed: 2046167118593060703

1589 wakim the Chiller (level 8, -7/60 HPs)
             Began as a Merfolk Ice Elementalist on Mar 26, 2021.
             Was a Priest of Fedhas.
             Engulfed by a steam dragon's steam (14 damage)
             ... on level 6 of the Dungeon.
             The game lasted 00:21:48 (7304 turns).

wakim the Chiller (Merfolk Ice Elementalist)        Turns: 7304, Time: 00:21:48

Health: -7/60      AC:  3    Str:  9    XL:     8   Next: 92%
Magic:  10/14      EV: 19    Int: 16    God:    Fedhas [***...]
Gold:   228        SH:  0    Dex: 20    Spells: 4/15 levels left

rFire    . . .     SeeInvis .   a - staff of cold
rCold    + . .     Faith    .   (no shield)
rNeg     . . .     Spirit   .   s - +0 robe
rPois    .         Reflect  .   (no helmet)
rElec    .         Harm     .   p - +0 cloak
rCorr    .         Rampage  .   (no gloves)
Will     .....                  (no boots)
Stlth    +++.......             (no amulet)
HPRegen  0.20/turn              f - +6 ring of dexterity
MPRegen  0.14/turn              j - +4 ring of evasion

@: mighty, about to teleport
A: (nimble swimmer 2), mertail
a: Renounce Religion, Wall of Briars, Grow Ballistomycete


You were on level 6 of the Dungeon.
You worshipped Fedhas.
Fedhas was most pleased with you.
You visited 2 branches of the dungeon, and saw 7 of its levels.

You collected 228 gold pieces.

Inventory:

Hand Weapons
 b - a +1 hunting sling
 o - a +2 dagger of venom
Missiles
 c - a throwing net
 d - 3 boomerangs of dispersal
 g - 17 poisoned darts
 k - 65 sling bullets
 r - 8 boomerangs
Armour
 p - a +0 cloak (worn)
 s - a +0 robe (worn)
Magical Staves
 a - a staff of cold (weapon)
Jewellery
 e - a +6 ring of strength
 f - a +6 ring of dexterity (right hand)
 j - a +4 ring of evasion (left hand)
 m - a +6 ring of strength
 t - a ring of flight
Scrolls
 l - a scroll of enchant weapon
Potions
 h - a potion of berserk rage {unknown}
 i - a potion of lignification {unknown}
 q - a potion of haste {unknown}
 J - 2 potions of curing {@q1}
 M - a potion of might


   Skills:
 + Level 3.7 Fighting
 + Level 5.5 Dodging
 - Level 4.0 Stealth
 + Level 3.6 Unarmed Combat
 - Level 4.0 Spellcasting
 - Level 5.0 Transmutations
 - Level 7.0 Ice Magic
 + Level 3.9 Invocations


You had 4 spell levels left.
You knew the following spells:

 Your Spells              Type           Power      Damage    Failure   Level
a - Freeze                Ice            100%       1d11      1%          1
b - Ozocubu's Armour      Ice            38%        N/A       2%          3
c - Frozen Ramparts       Ice            76%        1d9       2%          3
d - Ice Form              Ice/Tmut       33%        N/A       14%         4

Your spell library contained the following spells:

 Spells                   Type           Power      Damage    Failure   Level
 Beastly Appendage        Tmut           38%        N/A       2%          1
 Wereblood                Tmut           19%        N/A       3%          2
 Spider Form              Tmut/Pois      5%         N/A       19%         3
 Hailstorm                Conj/Ice       21%        3d6       36%         4
 Summon Ice Beast         Ice/Summ       21%        N/A       36%         4
 Blade Hands              Tmut           9%         N/A       52%         5


Dungeon Overview and Level Annotations

Branches:
Dungeon (6/15)             Temple (1/1) D:4

Altars:
Ashenzari
Cheibriados
Dithmenos
Elyvilon
Fedhas
Gozag
Hepliaklqana
Kikubaaqudgha
Makhleb
Nemelex Xobeh
Okawaru
Qazlal
Trog
Uskayaw
Vehumet
Wu Jian
Xom
Yredelemnul
Zin
The Shining One

Annotations:
D:5 exclusion: steam dragon


Innate Abilities, Weirdness & Mutations

((You are quick and stealthy while swimming. (Stealth+, EV+, Speed+++)))
Your lower body shifts to a powerful aquatic tail in water.


Message History

The wall freezes the centaur.
The centaur shoots an arrow.
The wall freezes the centaur.
The centaur shoots an arrow.
The arrow hits you.
The wall freezes the centaur.
The centaur shoots an arrow.
The wall freezes the centaur.
You kill the centaur!
Fedhas appreciates your contribution to the ecosystem.
A steam dragon comes into view.
The wall freezes the steam dragon.
You closely miss the steam dragon.
The steam dragon is lightly wounded.
The wall freezes the steam dragon.
The steam dragon bites you!
The wall freezes the steam dragon.
You hit the steam dragon but do no damage.
The steam dragon is moderately wounded.
The wall freezes the steam dragon!
The steam dragon breathes steam at you. The ball of steam hits you!!
* * * LOW HITPOINT WARNING * * *
The heat melts your icy armour.
You hit the steam dragon but do no damage.
The steam dragon is heavily wounded.
You are engulfed in a cloud of scalding steam.
* * * LOW HITPOINT WARNING * * *
The frozen ramparts melt away.
The heat melts your icy armour.
Your icy armour will break if you move.
Continue?
Okay, then.
As you read the scroll of teleportation {@r3}, it crumbles to dust.
You feel strangely unstable.
You are engulfed in a cloud of scalding steam.
Your icy armour evaporates.
The heat melts your icy armour.
You feel very mighty all of a sudden. The steam dragon breathes steam at you.
The ball of steam hits you.
* * * LOW HITPOINT WARNING * * *
You hit the steam dragon!
The steam dragon is severely wounded.
You are engulfed in a cloud of scalding steam.
You die...
Fedhas appreciates your contribution to the ecosystem.

...# ########..#
.......#.....##..#
.......#......#..#
..c....+§.....+..#
.......#§.....#..#
.......#§§...##..#
#.....#@....##..#
#.....#D........#
#.....).........#.....#
#.....#.....##..#.....#
#.....#.....##..#.....#
#.....#......#..#....#
#.....#......#..#....#
#.....#......#..#....#
#.....#.....###'#....#


You could see a steam dragon (catching breath).

Vanquished Creatures
  Pikel (D:6)
  An orc warrior (D:6)
  2 ogres
  A necrophage (D:5)
  A centaur (D:6)
  4 lemures
  Blork the orc (D:4)
  A scorpion (D:4)
  4 killer bees (D:6)
  2 orc priests
  A hound (D:4)
  Crazy Yiuf (D:4)
  A bullfrog skeleton (D:6)
  Ijyb (D:5)
  Natasha (thrice) (D:2)
  2 orc wizards (D:5)
  5 adders
  A white imp (D:6)
  An adder skeleton (D:5)
  3 dart slugs
  14 orcs
  4 ball pythons
  4 bats
  6 endoplasms
  5 giant cockroaches
  11 goblins
  11 hobgoblins
  10 jackals (D:3)
  5 quokkas
  2 frilled lizards
  11 kobolds
  7 rats
127 creatures vanquished.

Notes
Turn   | Place    | Note
-------+----------+-------------------------------------------
     0 | D:1      | wakim the Merfolk Ice Elementalist began the quest for the
                  | Orb.
     0 | D:1      | Reached XP level 1. HP: 13/13 MP: 3/3
   382 | D:1      | Reached XP level 2. HP: 19/19 MP: 3/5
   921 | D:1      | Reached skill level 5 in Ice Magic
  1025 | D:1      | Reached XP level 3. HP: 18/24 MP: 3/6
  1753 | D:2      | Found a faded altar of an unknown god.
  1795 | D:2      | Became a worshipper of Fedhas Madash
  1795 | D:2      | Reached * piety under Fedhas
  1917 | D:2      | Learned a level 3 spell: Frozen Ramparts
  2073 | D:2      | Reached XP level 4. HP: 30/30 MP: 8/8
  2081 | D:2      | Learned a level 3 spell: Ozocubu's Armour
  2107 | D:2      | Noticed Natasha
  2134 | D:2      | Killed Natasha
  2359 | D:2      | Noticed Natasha
  2374 | D:2      | Killed Natasha
  2435 | D:2      | Noticed Natasha
  2450 | D:2      | Killed Natasha
  2451 | D:2      | Reached skill level 6 in Ice Magic
  2451 | D:2      | Reached XP level 5. HP: 27/35 MP: 2/9
  2997 | D:3      | Found a snail-covered altar of Cheibriados.
  3028 | D:3      | Reached ** piety under Fedhas
  3114 | D:3      | Found an opulent altar of Gozag.
  3822 | D:4      | Identified a scroll of acquirement
  3822 | D:4      | Acquired a staff of cold
  3832 | D:4      | Found a staircase to the Ecumenical Temple.
  3860 | D:4      | Reached XP level 6. HP: 18/41 MP: 1/10
  3865 | Temple   | Entered the Ecumenical Temple
  4320 | D:4      | Learned a level 4 spell: Ice Form
  4889 | D:4      | Found a runed translucent door.
  4890 | D:4      | Noticed Crazy Yiuf
  4901 | D:4      | Killed Crazy Yiuf
  5047 | D:4      | Noticed Blork the orc
  5064 | D:4      | Killed Blork the orc
  5065 | D:4      | Reached XP level 7. HP: 44/46 MP: 4/12
  5161 | D:4      | Found a shimmering altar of Xom.
  5175 | D:4      | Reached skill level 7 in Ice Magic
  5181 | D:4      | Reached *** piety under Fedhas
  5378 | D:5      | Entered Level 5 of the Dungeon
  5543 | D:5      | Noticed Ijyb
  5554 | D:5      | Killed Ijyb
  5555 | D:5      | Reached skill level 1 in Unarmed Combat
  5557 | D:5      | Reached skill level 1 in Fighting
  5557 | D:5      | Reached skill level 1 in Invocations
  5775 | D:5      | Noticed a steam dragon
  5910 | D:5      | Found a stormy altar of Qazlal.
  6482 | D:6      | Noticed Pikel
  6777 | D:6      | Killed Pikel
  6778 | D:6      | Reached skill level 5 in Transmutations
  6778 | D:6      | Reached XP level 8. HP: 25/57 MP: 6/14
  6971 | D:6      | Reached skill level 5 in Dodging
  7304 | D:6      | Engulfed by a steam dragon's steam

Illustrated notes

Levels and vault maps discovered:
D:1:      enne_arrival_octagon_isle, layout_loops_ring, kennysheep_minor_cross
D:2:      layout_rooms, chequers_ecumenical_altar_island, hangedman_decor_push,
          hex_tiny, kennysheep_pointless_box, uniq_natasha
D:3:      minmay_bubble_buster, layout_rooms, nicolae_overflow_crystal_walls,
          old_standard_altar
D:4:      layout_gridville, xom_teletrap_fun, minmay_temple_entry_overgrown,
          hangedman_abyss_or_decor_stagger, chequers_serial_rivers_micro_c,
          uniq_blork_the_orc, uniq_crazy_yiuf_cottage
D:5:      layout_loops_ring, grunt_qazlal_clouds, uniq_ijyb, uniq_edmund
D:6:      layout_gridville, marbit_many_paths, abandoned_shop,
          vehumet_altar_wand_db, uniq_pikel
Temple:   eino_temple_scatter_basement

Skill      XL: |  1  2  3  4  5  6  7  8 |
---------------+-------------------------+-----
Ice Magic      | 5 6 7 |  7.0
Stealth        | 3 4 |  4.0
Spellcasting   | 3 4 |  4.0
Dodging        | 3 4 5 |  5.5
Transmutations | 3 5 |  5.0
Unarmed Combat | 2 3 |  3.6
Fighting       | 2 3 |  3.7
Invocations    | 3 |  3.9

Action                   |  1- 3 |  4- 6 |  7- 9 || total
-------------------------+-------+-------+-------++-------
Melee: Dagger            |    18 |     6 |       ||    24
       Staff             |       |    15 |    70 ||    85
 Fire: Hunting sling     |       |    36 |       ||    36
 Cast: Freeze            |    55 |     6 |       ||    61
       Frozen Ramparts   |       |    28 |    18 ||    46
       Ozocubu's Armour  |       |     6 |     8 ||    14
Invok: Wall of Briars    |       |     1 |       ||     1
  Use: Scroll            |     5 |     5 |     4 ||    14
       Potion            |       |       |     1 ||     1
 Stab: Sleeping          |     4 |     3 |     1 ||     8
Armor: Robe              |    12 |     7 |    15 ||    34
Dodge: Dodged            |    38 |    55 |   120 ||   213

Table legend: (Time is in decaauts)
 A = Elapsed time spent in this place.
 B = Non-inter-level travel time spent in this place.
 C = Inter-level travel time spent in this place.
 D = Time resting spent in this place.
 E = Time spent auto-exploring this place.
 F = Levels seen in this place.
 G = Mean time per level.
                   A        B        C        D        E       F      G
               +--------+--------+--------+--------+--------+-----+--------+
         Total |   7318 |   7126 |    192 |     20 |   5880 |   7 | 1045.4 |
       Dungeon |   6941 |   6770 |    171 |     20 |   5530 |   6 | 1156.8 |
        Temple |    377 |    356 |     21 |      0 |    350 |   1 |  377.0 |
               +--------+--------+--------+--------+--------+-----+--------+

Top non-repeatable levels by time:
     D:1: 1681 daAuts
     D:5: 1286 daAuts
     D:4: 1195 daAuts
     D:2: 1119 daAuts
     D:3: 1005 daAuts
     D:6: 654 daAuts
  Temple: 377 daAuts
